 Dungeon Crawl Stone Soup version 0.24.0-13-gcf9b3192b9 (webtiles) character file.

Game seed: 12976174082835278748, levelgen mode: deterministic

3591 Acheron the Cleaver (level 9, -14/79 HPs)
             Began as a Minotaur Berserker on Nov 9, 2019.
             Was a High Priest of Trog.
             Killed from afar by an electric eel (16 damage)
             ... with a bolt of electricity
             ... on level 10 of the Dungeon.
             The game lasted 00:33:40 (7452 turns).

Acheron the Cleaver (Minotaur Berserker)            Turns: 7452, Time: 00:33:41

Health: -14/79     AC: 11    Str: 22    XL:     9   Next: 85%
Magic:  9/9        EV: 12    Int:  6    God:    Trog [*****.]
Gold:   404        SH:  0    Dex: 11    Spells: 8/8 levels left

rFire    . . .     SeeInvis +   a - +1 hand axe
rCold    + . .     Gourm    .   (no shield)
rNeg     . . .     Faith    .   r - +1 scale mail {rC+}
rPois    +         Spirit   .   (helmet restricted)
rElec    .         Reflect  .   (no cloak)
rCorr    .         Harm     .   l - +1 pair of gloves
MR       .....                  (no boots)
Stlth    +.........             w - amulet of the acrobat
HPRegen  0.23/turn              I - ring of see invisible
MPRegen  0.11/turn              s - ring of poison resistance

@: no status effects
A: retaliatory headbutt, horns 2
a: Berserk, Trog's Hand, Brothers in Arms, Renounce Religion


You were on level 10 of the Dungeon.
You worshipped Trog.
Trog was extremely pleased with you.
You were very hungry.

You visited 2 branches of the dungeon, and saw 11 of its levels.

You collected 404 gold pieces.

Inventory:

Hand Weapons
 a - a +1 hand axe (weapon)
 e - a +3 great sword
 i - a +0 hunting sling
 n - a +0 hand axe of electrocution
 A - a +2 dagger of protection
Missiles
 b - 84 sling bullets
 d - 190 stones
 g - 28 poisoned darts
 m - 3 javelins
 u - 5 datura-tipped darts
 v - 6 atropa-tipped darts (quivered)
Armour
 l - a +1 pair of gloves (worn)
 r - a +1 scale mail of cold resistance (worn)
 H - +0 fire dragon scales
Jewellery
 h - an uncursed amulet of rage {unknown}
 k - an uncursed amulet of regeneration
 s - a ring of poison resistance (right hand)
 w - an amulet of the acrobat (around neck)
 D - an uncursed ring of protection from fire
 I - a ring of see invisible (left hand)
 J - an uncursed ring of positive energy
 L - a +5 ring of intelligence
Wands
 F - a wand of random effects (20)
Scrolls
 f - a scroll of enchant armour
 x - a scroll of amnesia
 y - a scroll of enchant weapon
 B - 2 scrolls of fear
 G - 2 scrolls of remove curse
 M - a scroll of vulnerability
Potions
 j - 5 potions of curing
 p - a potion of haste
 q - 3 potions of degeneration {unknown}
 t - a potion of brilliance
 z - a potion of lignification {unknown}
 C - a potion of invisibility
Comestibles
 c - 22 rations


   Skills:
 * Level 7.3 Fighting
 + Level 9.1 Axes
 * Level 4.2 Throwing
 * Level 9.1 Armour
 * Level 5.5 Dodging
 * Level 3.9 Stealth
 * Level 2.0 Evocations


You had 8 spell levels left.
You didn't know any spells.
Your spell library was empty.

Dungeon Overview and Level Annotations

Branches:
Dungeon (10/15)            Temple (1/1) D:6
   Lair: D:8-11         Orc: D:9-12

Altars:
Ashenzari
Cheibriados
Dithmenos
Fedhas
Gozag
Hepliaklqana
Kikubaaqudgha
Makhleb
Nemelex Xobeh
Okawaru
Qazlal
Ru
Sif Muna
Trog
Uskayaw
Wu Jian
Xom
Yredelemnul
Zin
The Shining One

Shops:
D:7 }

Annotations:
D:8 Erica, Joseph, Psyche


Innate Abilities, Weirdness & Mutations

You reflexively headbutt those who attack you in melee.
You have a pair of horns on your head.


Message History

The howler monkey hoots and howls with incredible vigour!
The howler monkey hoots and howls with incredible vigour!
There is a stone staircase leading down here.
You climb downwards. 2 hounds, a wolf and an electric eel come into view.
The wolf howls!
You hear a shout!
A wolf comes into view.
A hound comes into view. x2
The electric eel shoots out a bolt of lightning at you!
The bolt of electricity hits you!
* * * LOW HITPOINT WARNING * * *
The electric eel shoots out a bolt of lightning at you!
The bolt of electricity hits you!
* * * LOW HITPOINT WARNING * * *
The wolf howls!
Found four items.
There is a stone staircase leading up here.
You hear a shout!
The electric eel shoots out a bolt of lightning at you!
The bolt of electricity hits you!
You die...

.......≈≈≈.≈
#......≈≈≈.≈ #
#....≈.≈≈h..
..##...(?≈≈≈.≈.
........≈h≈hZ
#.....≈≈h≈h≈
#.......≈h≈≈ #...###
####...@...;≈≈≈
##.....#..........≈≈≈.≈.
.......#...##........≈.≈
......#...##.....=..≈.≈
#...# #..##...........
###...###..##.......!...
...........##....##....#
.<.........##....# ....#
.####.###..##....##.


You could see 2 wolves, 4 hounds, an electric eel and a bullfrog zombie.

Vanquished Creatures
  A troll (D:9)
  2 hungry ghosts
  A water moccasin (D:10)
  A black bear (D:8)
  2 phantoms
  A necrophage (D:8)
  An ice beast (D:6)
  2 slaves (D:8)
  2 sky beasts
  7 ogres
  2 bullfrogs
  A water moccasin skeleton (D:8)
  A killer bee (D:8)
  A wight (D:8)
  A howler monkey (D:8)
  A bullfrog zombie (D:5)
  5 crimson imps
  2 jellies (D:5)
  6 hounds
  3 orc priests
  10 orc wizards
  3 bullfrog skeletons
  Jessica (D:3)
  Ijyb (D:5)
  2 iguanas
  6 worker ants
  A hound skeleton (D:7)
  A mummy (D:9)
  2 worker ant zombies (D:8)
  11 adders
  A shadow imp (D:5)
  2 oozes (D:4)
  An adder zombie (D:5)
  An adder skeleton (D:6)
  4 worms
  8 leopard geckos
  25 orcs
  4 ball pythons
  A giant cockroach (D:1)
  7 goblins
  7 hobgoblins
  4 jackals
  8 quokkas
  A ball python zombie (D:5)
  8 bats
  4 frilled lizards
  A jackal zombie (D:8)
  7 kobolds
  28 rats
203 creatures vanquished.

Vanquished Creatures (others)
  A black bear (D:8)
  An ogre (D:8)
  A quokka (D:8)
  A bat (D:2)
  A plant (D:4)
5 creatures vanquished.

Grand Total: 208 creatures vanquished

Notes
Turn   | Place    | Note
-------+----------+-------------------------------------------
     0 | D:1      | Acheron the Minotaur Berserker began the quest for the Orb.
     0 | D:1      | Reached XP level 1. HP: 19/19 MP: 0/0
   156 | D:1      | Reached XP level 2. HP: 27/27 MP: 1/1
   434 | D:2      | Reached XP level 3. HP: 33/33 MP: 2/2
   440 | D:2      | Reached ** piety under Trog
  1064 | D:2      | Reached XP level 4. HP: 41/41 MP: 3/3
  1258 | D:2      | Found a stormy altar of Qazlal.
  1354 | D:2      | Found a sparkling altar of Nemelex Xobeh.
  1354 | D:2      | Found a sacrificial altar of Ru.
  1395 | D:2      | Reached *** piety under Trog
  1560 | D:3      | Reached skill level 5 in Axes
  1639 | D:3      | Reached XP level 5. HP: 28/47 MP: 4/4
  1880 | D:3      | Noticed Jessica
  1892 | D:3      | Killed Jessica
  2074 | D:5      | Entered Level 5 of the Dungeon
  2097 | D:5      | Reached skill level 1 in Throwing
  2097 | D:5      | Reached skill level 1 in Stealth
  2097 | D:5      | Reached XP level 6. HP: 50/55 MP: 5/5
  2266 | D:5      | You fall into a shaft and drop 1 floor!
  2266 | D:6      | Found a staircase to the Ecumenical Temple.
  2267 | D:6      | Noticed a sky beast
  2269 | Temple   | Entered the Ecumenical Temple
  2476 | D:6      | Noticed an ice beast
  2485 | Temple   | Killed a sky beast
  2485 | Temple   | Reached skill level 5 in Fighting
  2618 | D:6      | Killed an ice beast
  2634 | D:6      | Reached XP level 7. HP: 51/61 MP: 6/6
  2812 | D:7      | Reached skill level 5 in Armour
  2972 | D:7      | Found Leniexun's Gadget Emporium.
  3149 | D:7      | Received a gift from Trog
  3194 | D:5      | Found an opulent altar of Gozag.
  3371 | D:5      | Reached XP level 8. HP: 34/69 MP: 7/7
  4505 | D:4      | Found a sparkling altar of Nemelex Xobeh.
  4513 | D:4      | Reached **** piety under Trog
  4848 | D:5      | Noticed Ijyb
  4874 | D:5      | Killed Ijyb
  5925 | D:6      | Found a glowing golden altar of the Shining One.
  6116 | D:8      | Reached XP level 9. HP: 61/78 MP: 8/8
  6181 | D:8      | Reached skill level 5 in Dodging
  6303 | D:8      | Found a hide-covered altar of Uskayaw.
  6303 | D:8      | Noticed Erica
  6303 | D:8      | Noticed Psyche
  6306 | D:8      | Noticed Joseph
  6547 | D:8      | Reached skill level 1 in Evocations
  6570 | D:8      | Noticed a troll
  6681 | D:8      | Found a shimmering altar of Xom.
  6761 | D:10     | Entered Level 10 of the Dungeon
  7083 | D:9      | Reached ***** piety under Trog
  7318 | D:9      | Found a snail-covered altar of Cheibriados.
  7322 | D:9      | Noticed a troll
  7338 | D:9      | Killed a troll
  7339 | D:9      | Noticed a troll
  7352 | D:9      | HP: 2/79 [troll (9)]
  7451 | D:10     | HP: 2/79 [electric eel/bolt of electricity (8)]
  7452 | D:10     | Killed from afar by an electric eel

Levels and vault maps discovered:
D:1:      evilmike_arrival_run_for_it, layout_basic, serial_forest,
          infiniplex_forest_end_3, infiniplex_forest_end_double,
          infiniplex_forest_zigzag_1, infiniplex_forest_lined_3_way,
          infiniplex_forest_lined_room_2, infiniplex_forest_end_3,
          infiniplex_forest_clump_double, infiniplex_forest_end_2,
          infiniplex_forest_end_3, infiniplex_forest_straight_2,
          minmay_splitting_lines, minmay_misc_feat_diagonals, skrybe_limestone_x
D:2:      layout_loops_ring, grunt_qazlal_clouds,
          amethyst_overflow_temple_binary, hangedman_abyss_or_decor_lesser_grid,
          minmay_rat_hole
D:3:      layout_loops_ring, lemuel_doored_altar, first_ration, uniq_jessica
D:4:      wander_river, layout_basic, serial_forest, infiniplex_forest_zigzag_1,
          infiniplex_forest_join, infiniplex_forest_straight_2,
          infiniplex_forest_end_1, infiniplex_forest_zigzag_1,
          infiniplex_forest_clump_long, chequers_big_river,
          nemelex_dance_club_becter
D:5:      kennysheep_big_flooded_room, layout_loops_ring, grunt_gozag_statues,
          minmay_puff, uniq_ijyb
D:6:      layout_rooms, old_standard_altar, minmay_temple_entry_junction_2,
          kennysheep_generic_room_16
D:7:      layout_cave_pools, serial_shops, shop
D:8:      layout_rooms, xom_confusion_cloud, elyvilon_altar_4,
          eat_drink_and_be_merry_uskayaw, hangedman_ranch
          [blue_anna_fruit_fields], uniq_erica, uniq_joseph, uniq_pikel,
          uniq_psyche
D:9:      layout_stronghold, slow_altar_1, orc_0_dummy
D:10:     layout_gridville, erik_lair_island
Temple:   hc_temple_tempest_star

Skill      XL: |  1  2  3  4  5  6  7  8  9 |
---------------+----------------------------+-----
Axes           | 4 5 6 7 8 9 |  9.1
Fighting       | 4 5 6 7 |  7.3
Armour         | 3 4 5 7 9 |  9.1
Dodging        | 3 4 5 |  5.5
Throwing       | 1 2 3 4 |  4.2
Stealth        | 1 2 3 |  3.9
Evocations     | 2 |  2.0

Action                   |  1- 3 |  4- 6 |  7- 9 || total
-------------------------+-------+-------+-------++-------
Melee: Hand axe          |    80 |   105 |   457 ||   642
       Headbutt          |    16 |    15 |    83 ||   114
Throw: Javelin           |       |       |    14 ||    14
       Stone             |       |       |     5 ||     5
Invok: Trog's Hand       |       |       |     2 ||     2
       Berserk           |       |       |     1 ||     1
  Use: Scroll            |     3 |     4 |    11 ||    18
       Potion            |       |       |     1 ||     1
  Eat: Chunk             |       |     5 |    19 ||    24
       Ration            |       |       |     1 ||     1
Armor: Ring mail         |    29 |    16 |       ||    45
       Animal skin       |     1 |       |       ||     1
       Chain mail        |       |    37 |   187 ||   224
       Scale mail        |       |       |     9 ||     9
Dodge: Dodged            |    65 |    66 |   241 ||   372
